 Dungeon Crawl Stone Soup version 0.31-a0-702-gf82c85558f (webtiles) character file.

Game seed: 11091518442311979546

534 senseless the Trooper (level 7, -2/55 HPs)
             Began as a Demonspawn Berserker on Sept 8, 2023.
             Was a Believer of Trog.
             Slain by an ogre
             ... wielding a +0 giant club
              (30 damage)
             ... on level 4 of the Dungeon.
             The game lasted 00:04:39 (2190 turns).

senseless the Trooper (Demonspawn Berserker)        Turns: 2190, Time: 00:04:40

Health: -2/55      AC:  4    Str: 19    XL:     7   Next: 4%
Magic:  7/7        EV: 12    Int:  8    God:    Trog [**....]
Gold:   139        SH:  4    Dex: 13    Spells: 6/6 levels left

rFire   . . .        c - +3 dagger (flame)
rCold   . . .        i - +0 buckler
rNeg    . . .        l - +0 leather armour
rPois   .            (no helmet)
rElec   .            (no cloak)
rCorr   .            (no gloves)
SInv    .            (no boots)
Will    .....        (no amulet)
Stlth   +            (no ring)
HPRegen 0.29/turn    (no ring)
MPRegen 0.10/turn

%: no passive effects
@: no status effects
A: hooves 2, demonic guardian 2, ignite blood 1, sharp scales 1
a: Renounce Religion, Berserk, Trog's Hand


You were on level 4 of the Dungeon.
You worshipped Trog.
Trog was pleased with you.
You visited 1 branch of the dungeon, and saw 4 of its levels.

You collected 139 gold pieces.

Inventory:

Hand Weapons
 a - a +0 hand axe
 c - a +3 dagger of flaming (weapon)
 r - a +2 halberd of protection
Missiles
 t - 2 throwing nets
Armour
 b - a +0 animal skin
 i - a +0 buckler (worn)
 l - a +0 leather armour (worn)
Scrolls
 f - a scroll of revelation {unknown}
 g - a scroll of noise {unknown}
 h - 2 scrolls of amnesia {unknown}
 j - 2 scrolls of teleportation {unknown}
 o - a scroll of identify {unknown}
 p - a scroll of torment {unknown}
Potions
 d - a potion of lignification {unknown}
 e - a potion of heal wounds {unknown}
 k - 2 potions of curing {unknown}
 m - a potion of mutation {unknown}
 n - 2 potions of might {unknown}
 q - a potion of enlightenment {unknown}
 s - a potion of brilliance {unknown}


   Skills:
 + Level 4.4 Fighting
 + Level 4.1 Axes
 + Level 3.4 Armour
 + Level 3.5 Dodging
 + Level 2.5 Shields


You had 6 spell levels left.
You didn't know any spells.
Your spell library contained the following spells:

 Spells                   Type           Power      Damage    Failure   Level
 Magic Dart               Conj           0%         1d3       54%         1
 Call Imp                 Summ           0%         N/A       67%         2
 Scorch                   Fire           0%         2d5       67%         2
 Wereblood                Tmut           0%         N/A       67%         2
 Mephitic Cloud           Conj/Pois/Air  0%         N/A       88%         3
 Flame Wave               Conj/Fire      0%         2d4       99%         4
 Irradiate                Conj/Tmut      0%         3d11      100%        5
 Summon Cactus Giant      Summ           0%         N/A       100%        6


Dungeon Overview and Level Annotations

Branches:
Dungeon (3/15)

Altars:
Fedhas
Makhleb
Okawaru
Qazlal


Innate Abilities, Weirdness & Mutations

You have hoof-like feet.
A demonic guardian rushes to your aid.
Your demonic aura sometimes causes spilled blood to erupt in flames.
You are partially covered in razor-sharp scales. (AC +1, Slay +1)


Message History

You hit the iguana but do no damage. Your kick misses the iguana.
The iguana is moderately wounded.
You block the iguana's attack.
You hit the iguana. You burn the iguana. You kick the iguana, but do no damage.
The iguana is severely wounded.
The iguana barely misses you.
You hit the iguana. You burn the iguana. You kick the iguana.
You kill the iguana!
Trog accepts your kill.
You have reached level 7!
Your demonic ancestry asserts itself...
Sharp scales grow over part of your body.
Found an escape hatch in the ceiling.
An ogre comes into view. It is wielding a +0 giant club.
You closely miss the ogre. Your kick misses the ogre.
The ogre hits you with a +0 giant club!!
You hit the ogre. You burn the ogre. You kick the ogre.
The ogre is moderately wounded.
The ogre closely misses you.
You hit the ogre. You burn the ogre.
The ogre is heavily wounded.
You barely miss the ogre. Your kick misses the ogre.
The ogre is heavily wounded.
The ogre closely misses you.
You puncture the ogre! You burn the ogre. Your kick misses the ogre.
The ogre is almost dead.
The ogre hits you with a +0 giant club!
You are too injured to fight recklessly!
You are too injured to fight recklessly!
You are too injured to fight recklessly!
You closely miss the ogre.
The ogre is almost dead.
You barely miss the ogre.
The ogre is almost dead.
The ogre closely misses you.
You barely miss the ogre.
The ogre is almost dead.
The ogre hits you with a +0 giant club!!
Ouch! That really hurt!
You die...

#...# ##...# ##....# ......#
##..### #....# ##.### ######
#.####### ########.....
#.......# #..@.....#.#
####.#### #.O#.....#.###<
#...# #..#.##........ #...#
#..#.....#.#### #...#
#..#.>.....# #...#
#.......#### #...# #.......#
####### #####...#######.#.##.#
#.....#
....>.........#.#....###.....#


You could see an ogre.

Vanquished Creatures
  Menkaure (D:4)
  Blork the orc (D:4)
  An iguana (D:4)
  7 gnolls (D:4)
  4 adders
  2 dart slugs
  5 orcs (D:3)
  5 endoplasms
  A giant cockroach (D:1)
  5 goblins
  4 hobgoblins
  6 jackals
  3 quokkas
  A ball python (D:2)
  5 bats
  4 frilled lizards
  2 kobolds
  2 rats (D:3)
59 creatures vanquished.

Vanquished Creatures (collateral kills)
  Sigmund (D:3)
  A ball python (D:2)
  2 endoplasms (D:2)
  A goblin (D:2)
  A rat (D:2)
6 creatures vanquished.

Grand Total: 65 creatures vanquished

Notes
Turn   | Place    | Note
-------+----------+-------------------------------------------
     0 | D:1      | senseless the Demonspawn Berserker began the quest for the
                  | Orb.
     0 | D:1      | Reached XP level 1. HP: 18/18 MP: 1/1
   234 | D:1      | Gained mutation: A weak demonic guardian rushes to your
                  | aid. [demonic ancestry]
   234 | D:1      | Reached XP level 2. HP: 24/24 MP: 2/2
   634 | D:2      | Gained mutation: Your demonic aura sometimes causes spilled
                  | blood to erupt in flames. [demonic ancestry]
   634 | D:2      | Reached XP level 3. HP: 4/29 MP: 3/3
   762 | D:2      | Reached ** piety under Trog
  1067 | D:2      | Gained mutation: You have large cloven feet. [demonic
                  | ancestry]
  1067 | D:2      | Reached XP level 4. HP: 35/35 MP: 4/4
  1240 | D:3      | Noticed Sigmund
  1253 | D:3      | Killed Sigmund
  1254 | D:3      | Reached skill level 1 in Shields
  1254 | D:3      | Gained mutation: You have hoof-like feet. [demonic
                  | ancestry]
  1254 | D:3      | Reached XP level 5. HP: 15/42 MP: 5/5
  1387 | D:3      | Found a burning altar of Makhleb.
  1681 | D:3      | You fall into a shaft and drop 1 floor!
  1682 | D:4      | Noticed Blork the orc
  1685 | D:4      | Killed Blork the orc
  1686 | D:4      | Gained mutation: A demonic guardian rushes to your aid.
                  | [demonic ancestry]
  1686 | D:4      | Reached XP level 6. HP: 48/48 MP: 6/6
  1957 | D:4      | Noticed Menkaure
  1958 | D:4      | Found a stormy altar of Qazlal.
  1964 | D:4      | Killed Menkaure
  2111 | D:4      | Found a blossoming altar of Fedhas.
  2119 | D:4      | Found an iron altar of Okawaru.
  2156 | D:4      | Gained mutation: You are partially covered in razor-sharp
                  | scales. (AC +1, Slay +1) [demonic ancestry]
  2156 | D:4      | Reached XP level 7. HP: 50/55 MP: 7/7
  2190 | D:4      | Slain by an ogre

Illustrated notes

Levels and vault maps discovered:
D:1:      dpeg_arrival_court, layout_rooms
D:2:      layout_loops_ring
D:3:      layout_loops_ring, mainiacjoe_overflow_surrounded_room,
          hangedman_decor_peaks_small, grunt_decor_resistance, uniq_grinder,
          uniq_sigmund
D:4:      cheibrodos_fertilizer, layout_loops_cross,
          grunt_temple_overflow_forces_of_nature, grunt_temple_overflow_diamond,
          okawaru_gym_becter, temple_green, kennysheep_generic_room_16,
          uniq_blork_the_orc, uniq_menkaure

Skill      XL: |  1  2  3  4  5  6 |
---------------+-------------------+-----
Armour         | 2 3 |  3.4
Dodging        | 2 3 |  3.5
Axes           | 3 4 |  4.1
Shields        | 1 2 |  2.5
Fighting       | 4 |  4.4

Action                     |  1- 3 |  4- 6 |  7- 9 || total
---------------------------+-------+-------+-------++-------
  Melee: Dagger            |    91 |    72 |     8 ||   171
         Hand axe          |     7 |       |       ||     7
         Kick              |       |    19 |     1 ||    20
 Armour: Animal skin       |    51 |       |       ||    51
         Leather armour    |    22 |    29 |     3 ||    54
  Dodge: Dodged            |    54 |    35 |     3 ||    92
  Block: Buckler           |    10 |    20 |       ||    30

Table legend: (Time is in decaauts)
 A = Elapsed time spent in this place.
 B = Non-inter-level travel time spent in this place.
 C = Inter-level travel time spent in this place.
 D = Time resting spent in this place.
 E = Time spent auto-exploring this place.
 F = Levels seen in this place.
 G = Mean time per level.
                   A        B        C        D        E       F      G
               +--------+--------+--------+--------+--------+-----+--------+
         Total |   2195 |   2120 |     75 |     61 |   1630 |   4 |  548.8 |
       Dungeon |   2195 |   2120 |     75 |     61 |   1630 |   4 |  548.8 |
               +--------+--------+--------+--------+--------+-----+--------+

Top non-repeatable levels by time:
     D:2: 684 daAuts
     D:1: 550 daAuts
     D:4: 510 daAuts
     D:3: 449 daAuts
